 Dungeon Crawl Stone Soup version 0.31-a0-574-g69dc8cc98e (webtiles) character file.

Game seed: 1261703599764173763

57 kae the Digger (level 4, -1/20 (27) HPs)
             Began as an Octopode Earth Elementalist on Aug 18, 2023.
             Slain by Terence
             ... wielding a +0 mace of draining
              (4 damage)
             ... on level 2 of the Dungeon.
             The game lasted 00:01:38 (1342 turns).

kae the Digger (Octopode Earth Elementalist)        Turns: 1342, Time: 00:01:39

HP:   -1/20 (27)    AC:  1    Str:  7    XL:     4   Next: 0%
MP:   0/26          EV: 13    Int: 19    God:
Gold: 60            SH:  0    Dex: 12    Spells: 2/8 levels left

rFire   + . .        c - +0 falchion
rCold   x . .        (no shield)
rNeg    . . .        (helmet restricted)
rPois   .            G - amulet of guardian spirit
rElec   .            F - ring of fire
rCorr   +            w - ring of magical power
SInv    .            R - ring of resist corrosion
Will    +....        W - ring of magical power
Stlth   +++          i - ring of willpower
HPRegen 0.23/turn    (no ring)
MPRegen 0.20/turn    (no ring)
                     (no ring)

%: guardian spirit
@: very heavily drained
A: almost no armour, amphibious, 8 rings, camouflage 1, gelatinous body 1,
(nimble swimmer 1), tentacles
a: no special abilities


You were on level 2 of the Dungeon.
You visited 1 branch of the dungeon, and saw 2 of its levels.

You collected 60 gold pieces.


Innate Abilities, Weirdness & Mutations

You cannot wear most types of armour.
You are amphibious.
You can wear up to eight rings at the same time.
Your skin changes colour to match your surroundings (Stealth+).
Your rubbery body absorbs attacks. (AC +1, EV +1)
((You are camouflaged when in or above water. (Stealth+)))
You have tentacles for arms and can constrict up to eight enemies at once.


   Skills:
 - Level 2.0 Dodging
 - Level 2.6 Stealth
 + Level 2.6 Spellcasting
 + Level 0.4 Conjurations
 - Level 1.0 Transmutations
 * Level 4.2 Earth Magic


You had 2 spell levels left.
You knew the following spells:

 Your Spells              Type           Power      Damage    Failure   Level
a - Sandblast             Erth           36%        2d10      2%          1
b - Stone Arrow           Conj/Erth      22%        3d8       19%         3
c - Passwall              Tmut/Erth      10%        N/A       9%          2

Your spell library contained the following spells:

 Spells                   Type           Power      Damage    Failure   Level
 Petrify                  Tmut/Erth      12%        N/A       47%         4

Inventory:

Hand Weapons
 c - a +0 falchion (weapon)
   (You found it on level 2 of the Dungeon)
Missiles
 d - 19 stones
 e - 6 poisoned darts
Jewellery
 i - a ring of willpower (on tentacle)
   (You found it on level 2 of the Dungeon)
 w - a ring of magical power (right tentacle)
   (You found it on level 2 of the Dungeon)
 F - a ring of fire (left tentacle)
   (You found it on level 1 of the Dungeon)
 G - an amulet of guardian spirit (around mantle)
   (You found it on level 1 of the Dungeon)
 R - a ring of resist corrosion (on tentacle)
   (You found it on level 2 of the Dungeon)
 T - an amulet of faith {!P}
   (You found it on level 2 of the Dungeon)
 W - a ring of magical power (on tentacle)
   (You found it on level 2 of the Dungeon)
Scrolls
 f - a scroll of identify {unknown}
 g - a scroll of teleportation {@r4}
Potions
 a - a potion of magic
 b - a potion of degeneration {unknown}
 h - 2 potions of lignification {unknown}

Dungeon Overview and Level Annotations

Branches:
Dungeon (2/15) Zot: 10639

Altars:

Annotations:
D:2 Sigmund, Terence

#...?.)#.######.......'...
#...†..#.# #...#####...
#......#.# #.#..## ####
########.######.##..#
#.......#.###'###
#.......#.##.)..####
#.......#.##.......#
##.######.##....##.#
#.@@.....##....##.#
#################.. ##. ##
# # # # #


You could see Terence.


Message History

😎 MP[-1]
You lost 1 mp, and now have 19/24 mp.
Casting: Sandblast (safe; 3% risk of failure)
Confirm with . or Enter, or press ? or * to list all spells.
Aiming: Sandblast (safe; 3% risk of failure)
Press: ? - help, Shift-Dir - straight line, f/p - adder
Aim: an adder (lightly wounded, 70% to hit)
The blast of sand hits the adder!
You kill the adder!
You have reached level 4! 😎 HP[+6] MP[-1]
You now have 27 max hp (+6).
Your hp is fully restored (27).
You see here a +0 short sword.
Terence the Incautious comes into view.
He is wielding a +0 mace of draining. 😎 MP[+8]
Your mp is fully restored (26).
Terence is nearby!
Casting: Sandblast (safe; 2% risk of failure)
Confirm with . or Enter, or press ? or * to list all spells.
Aiming: Sandblast (safe; 2% risk of failure)
Press: ? - help, Shift-Dir - straight line, f - Terence
Aim: Terence, wielding a +0 mace of draining and wearing a +0 chain mail (asleep, 100% to hit)
The blast of sand hits Terence but does no damage.
Terence shouts! 😎 MP[-1]
You lost 1 mp, and now have 25/26 mp.
Casting: Sandblast (safe; 2% risk of failure)
Confirm with . or Enter, or press ? or * to list all spells.
Aiming: Sandblast (safe; 2% risk of failure)
Press: ? - help, Shift-Dir - straight line, f/p - Terence
Aim: Terence, wielding a +0 mace of draining and wearing a +0 chain mail (87% to hit)
The blast of sand hits Terence.
Terence closely misses you. x2 😎 MP[-1]
You lost 1 mp, and now have 24/26 mp.
Casting: Sandblast (safe; 2% risk of failure)
Confirm with . or Enter, or press ? or * to list all spells.
Aiming: Sandblast (safe; 2% risk of failure)
Press: ? - help, Shift-Dir - straight line, f/p - Terence
Aim: Terence, wielding a +0 mace of draining and wearing a +0 chain mail (lightly wounded, 87% to hit)
The blast of sand hits Terence.
Terence barely misses you.
Unknown command.
Casting: Sandblast (safe; 2% risk of failure)
Confirm with . or Enter, or press ? or * to list all spells.
Aiming: Sandblast (safe; 2% risk of failure)
Press: ? - help, Shift-Dir - straight line, f/p - Terence
Aim: Terence, wielding a +0 mace of draining and wearing a +0 chain mail (heavily wounded, 87% to hit)
The blast of sand hits Terence.
Terence closely misses you.
Terence hits you with a +0 mace of draining.
You feel drained. 😕 HP[-4] MP[-4]
You now have 26 max hp (-1).
You take 4 damage, and now have 23/26 hp.
You lost 4 mp, and now have 20/26 mp.
Casting: Sandblast (safe; 2% risk of failure)
Confirm with . or Enter, or press ? or * to list all spells.
Aiming: Sandblast (safe; 2% risk of failure)
Press: ? - help, Shift-Dir - straight line, f/p - Terence
Aim: Terence, wielding a +0 mace of draining and wearing a +0 chain mail (severely wounded, 87% to hit)
The blast of sand hits Terence but does no damage.
Terence hits you with a +0 mace of draining!
You feel drained. 😕 HP[-4] MP[-4]
You now have 25 max hp (-1).
You take 4 damage, and now have 19/25 hp.
You lost 4 mp, and now have 16/26 mp.
Casting: Sandblast (safe; 2% risk of failure)
Confirm with . or Enter, or press ? or * to list all spells.
Aiming: Sandblast (safe; 2% risk of failure)
Press: ? - help, Shift-Dir - straight line, f/p - Terence
Aim: Terence, wielding a +0 mace of draining and wearing a +0 chain mail (severely wounded, 87% to hit)
The blast of sand hits Terence but does no damage.
Terence hits you with a +0 mace of draining.
You feel drained.
Terence hits you with a +0 mace of draining!
* * * LOW HITPOINT WARNING * * *
You feel drained.
* * * LOW HITPOINT WARNING * * *
Casting: Sandblast (safe; 2% risk of failure)
Confirm with . or Enter, or press ? or * to list all spells.
Aiming: Sandblast (safe; 2% risk of failure)
Press: ? - help, Shift-Dir - straight line, f/p - Terence
Aim: Terence, wielding a +0 mace of draining and wearing a +0 chain mail (severely wounded, 87% to hit)
The blast of sand misses Terence.
Terence hits you with a +0 mace of draining!
* * * LOW HITPOINT WARNING * * *
You feel drained.
* * * LOW HITPOINT WARNING * * *
😱 HP[-17] MP[-15]
You now have 20 max hp (-5).
You take 17 damage, and now have 2/20 hp.
MASSIVE DAMAGE!! (PAUSE)
You lost 15 mp, and now have 1/26 mp.
Casting: Sandblast (safe; 2% risk of failure)
Confirm with . or Enter, or press ? or * to list all spells.
Aiming: Sandblast (safe; 2% risk of failure)
Press: ? - help, Shift-Dir - straight line, f/p - Terence
Aim: Terence, wielding a +0 mace of draining and wearing a +0 chain mail (severely wounded, 87% to hit)
The blast of sand hits Terence but does no damage.
Terence hits you with a +0 mace of draining.
You die...

Skill      XL: |  1  2  3 |
---------------+----------+-----
Earth Magic    | 4 |  4.2
Dodging        | |  2.0
Stealth        | |  2.6
Spellcasting   | |  2.6
Conjurations   | |  0.4
Transmutations | |  1.0

Action                     |  1- 3 |  4- 6 || total
---------------------------+-------+-------++-------
  Melee: Unarmed           |     2 |       ||     2
   Cast: Sandblast         |    35 |     8 ||    43
    Use: Scroll            |     3 |       ||     3
 Armour: Skin              |     2 |       ||     2
  Dodge: Dodged            |     8 |     4 ||    12

Levels and vault maps discovered:
D:1:      minmay_arrival_nine_rooms, layout_basic, grunt_decor_arrowhead
D:2:      layout_basic, corner_web_ring, serial_bayou_pond_d, uniq_sigmund,
          uniq_terence

Notes
Turn   | Place    | Note
-------+----------+-------------------------------------------
     0 | D:1      | kae the Octopode Earth Elementalist began the quest for the
                  | Orb.
     0 | D:1      | Reached XP level 1. HP: 11/11 MP: 3/3
     0 | D:1      | magus.rc [v1.11.3]
   282 | D:1      | Reached XP level 2. HP: 17/17 MP: 0/5
   736 | D:2      | Reached XP level 3. HP: 21/21 MP: 1/6
   961 | D:2      | Noticed Sigmund
  1107 | D:2      | Reached skill level 4 in Earth Magic
  1110 | D:2      | Learned a level 2 spell: Passwall
  1114 | D:2      | Learned a level 3 spell: Stone Arrow
  1292 | D:2      | Reached XP level 4. HP: 27/27 MP: 8/8
  1333 | D:2      | Noticed Terence
  1341 | D:2      | HP: 4/22 [Terence/+0 mace of draining (6)]
  1342 | D:2      | Slain by Terence

Vanquished Creatures
  3 adders (D:2)
  5 ball pythons
  3 bats (D:2)
  3 endoplasms
  2 giant cockroaches (D:1)
  2 goblins (D:2)
  A hobgoblin (D:1)
  A kobold (D:1)
  3 quokkas
  A frilled lizard (D:1)
  3 rats
27 creatures vanquished.

Table legend:
 A = Non-vault XP
 B = Vault XP
 C = Vault XP percentage of total XP
 D = Non-vault monster count
 E = Vault monster count
 F = Vault count percentage of total count
                 A         B        C        D         E       F
            +---------+---------+-------+---------+---------+-------
      Total |      82 |       0 |   0.0 |      27 |       0 |   0.0
            +---------+---------+-------+---------+---------+-------
        D:1 |      20 |       0 |   0.0 |      12 |       0 |   0.0
        D:2 |      62 |       0 |   0.0 |      15 |       0 |   0.0
            +---------+---------+-------+---------+---------+-------

Skill      XL: |  1  2  3 |
---------------+----------+-----
Earth Magic    | 4 |  4.2
Dodging        | |  2.0
Stealth        | |  2.6
Spellcasting   | |  2.6
Conjurations   | |  0.4
Transmutations | |  1.0

Action                     |  1- 3 |  4- 6 || total
---------------------------+-------+-------++-------
  Melee: Unarmed           |     2 |       ||     2
   Cast: Sandblast         |    35 |     8 ||    43
    Use: Scroll            |     3 |       ||     3
 Armour: Skin              |     2 |       ||     2
  Dodge: Dodged            |     8 |     4 ||    12

Illustrated notes

Table legend:
 A = Kills in this place as a percentage of kills in the entire game.
 B = Kills by you in this place as a percentage of kills by you in the entire game.
 C = Kills by friends in this place as a percentage of kills by friends in the entire game.
 D = Other kills in this place as a percentage of other kills in the entire game.
 E = Experience gained in this place as a percentage of experience gained in the entire game.
 F = Experience gained in this place divided by the number of levels of this place that you have seen.
                   A       B       C       D       E      F
               +-------+-------+-------+-------+-------+----------------------
         Total | 100.0 | 100.0 |   N/A |   N/A | 100.0 |  41.0
       Dungeon | 100.0 | 100.0 |   N/A |   N/A | 100.0 |  41.0
               +-------+-------+-------+-------+-------+----------------------

Table legend: (Time is in decaauts)
 A = Elapsed time spent in this place.
 B = Non-inter-level travel time spent in this place.
 C = Inter-level travel time spent in this place.
 D = Time resting spent in this place.
 E = Time spent auto-exploring this place.
 F = Levels seen in this place.
 G = Mean time per level.
                   A        B        C        D        E       F      G
               +--------+--------+--------+--------+--------+-----+--------+
         Total |   1358 |   1327 |     31 |     22 |   1115 |   2 |  679.0 |
       Dungeon |   1358 |   1327 |     31 |     22 |   1115 |   2 |  679.0 |
               +--------+--------+--------+--------+--------+-----+--------+

Top non-repeatable levels by time:
     D:2: 686 daAuts
     D:1: 672 daAuts
